Cogmind - Beta 9.6 @@@ ROGUE MODE // 2020.08.26 @ 20:34:26 Player: Enzo Result: Self-destructed Performance ------------- Evolutions (1) 500 Regions Visited (3) 600 Robots Destroyed (21) 105 Value Destroyed (287) 287 Prototype IDs (6) 120 Alien Tech Used (0) 0 Bonus (0) 0 TOTAL SCORE: 1612 Bonus ------- None Cogmind --------- Core Integrity 390/400 Matter 261/300 Energy 160/160 System Corruption 0% Temperature Cool (0) Movement Hovering (52) Location -9/Materials Parts ------- > --- POWER (1) -------- Light Nuclear Core > --- PROPULSION (3) --- Hover Unit Hover Unit Hover Unit > --- UTILITY (3) ------ Structural Scanner Sensor Array Improved Terrain Scanner > --- WEAPON (2) ------- (None) > --- INVENTORY (4) ---- (None) Peak State ------------ > --- POWER ------------ Light Nuclear Core > --- PROPULSION ------- Hover Unit Hover Unit > --- UTILITY ---------- Improved Heat Sink Medium Storage Unit > --- WEAPON ----------- Small Laser > --- INVENTORY -------- Hover Unit Structural Scanner Sensor Array Signal Interpreter Mining Laser [Rating: 10] Favorites ----------- Power Ion Engine Engine Ion Engine Power Core Light Nuclear Core Propulsion Wheel Wheel Wheel Hover Unit Hover Unit Utility Medium Storage Unit Device Improved Terrain Scanner Storage Medium Storage Unit Processor Signal Interpreter Weapon Small Laser Energy Gun Small Laser Ballistic Gun Light Assault Rifle Build | -11 -10 -10 -9 ------- Run | Scr Mat Min Mat Slots Evolved 2 | . . . 2 Power . | . . . . Propulsion 1 | . . . 1 Utility 1 | . . . 1 Weapon . | . . . . Parts Attached 26 | 8 14 . 4 Power 2 | 1 1 . . Engine 1 | 1 . . . Core 1 | . 1 . . Reactor . | . . . . Propulsion 7 | 2 4 . 1 Treads . | . . . . Leg . | . . . . Wheel 4 | 2 2 . . Hover 3 | . 2 . 1 Flight . | . . . . Utility 10 | 3 4 . 3 Device 7 | 2 2 . 3 Storage 2 | 1 1 . . Processor 1 | . 1 . . Hackware . | . . . . Protection . | . . . . Artifact . | . . . . Weapon 7 | 2 5 . . Energy Gun 5 | 1 4 . . Energy Cannon . | . . . . Ballistic Gun 2 | 1 1 . . Ballistic Cannon . | . . . . Launcher . | . . . . Special Weapon . | . . . . Impact Weapon . | . . . . Slashing Weapon . | . . . . Piercing Weapon . | . . . . Special Melee Weapon . | . . . . Unidentified Prototypes . | . . . . Parts Lost 10 | . 9 1 . Power 1 | . 1 . . Propulsion 3 | . 3 . . Utility 1 | . 1 . . Weapon 5 | . 4 1 . Highest Loss Streak 5 | . 5 1 . Average Slot Usage (%) 87 | . 88 81 74 Engine 8 | . 10 . . Core 4 | . 2 14 11 Wheel 16 | . 20 . . Hover 9 | . 5 28 33 Device 11 | . 10 12 30 Storage 13 | . 14 12 . Energy Gun 17 | . 18 14 . Ballistic Gun 3 | . 4 . . Naked Turns . | . . . . Heaviest Build 18 | 13 18 15 8 Greatest Support 26 | 20 26 12 18 Greatest Overweight (x) 2 | . 2 1 . Average Overweight (x) . | . . . . Largest Inventory Capacity 8 | 6 8 8 4 Average Capacity 7 | 5 7 7 4 Most Carried 8 | 3 8 6 3 Average Carried 4 | 1 5 5 . Final Capacity 8 | 6 8 4 4 Final Carried 5 | 2 5 4 . Class Distribution -------------------- 61% | Mutant 36% | Scavenger-Mutant Dominant Class ---------------- Mutant | -10/Materials Scavenger-Mutant | -10/Mines Scavenger-Scout | -9/Materials Resources | -11 -10 -10 -9 ----------- Run | Scr Mat Min Mat Matter Collected 440 | 270 170 . . Remotely . | . . . . Salvage Created 676 | 134 532 10 . Parts 50 | 10 36 4 . Haulers Intercepted 2 | . 2 . . Recyclers Shooed 1 | 1 . . . Parts Field Recycled . | . . . . Retrieved Matter . | . . . . Parts Self-Destructed . | . . . . Prevented . | . . . . Kills | -11 -10 -10 -9 ------- Run | Scr Mat Min Mat Combat Hostiles Destroyed 7 | . 7 . . Melee 1 | . 1 . . Guns 6 | . 6 . . Classes Destroyed 7 | 2 5 . . Builder 3 | . 3 . . Tunneler 5 | 4 . 1 . Hauler 2 | . 2 . . Recycler 2 | 1 1 . . Watcher 2 | . 2 . . Swarmer 3 | . 3 . . Grunt 4 | . 4 . . Best Kill Streak 6 | 2 6 1 . Combat Bots Only 5 | . 5 . . Max Kills in Single Turn 1 | 1 1 1 . Gunslinging . | . . . . Exploded . | . . . . Melee 1 | . 1 . . Uniques/NPCs Destroyed . | . . . . Combat | -11 -10 -10 -9 -------- Run | Scr Mat Min Mat Damage Taken 725 | . 654 17 54 Core 179 | . 169 . 10 Absorbed by Shields . | . . . . Core Remaining (%) 66 | 100 . 32 . Volleys Fired 79 | 16 59 4 . Largest 2 | 2 2 1 . Hottest 90 | 70 90 40 . Shots Fired 124 | 32 88 4 . Gun 124 | 32 88 4 . Cannon . | . . . . Launcher . | . . . . Special . | . . . . Kinetic 54 | 16 38 . . Thermal 65 | 16 45 4 . Explosive . | . . . . Electromagnetic 5 | . 5 . . Robot Hit Streak 16 | 6 16 5 . Robot Miss Streak 5 | 3 5 2 . Penetration Max . | . . . . Secondary Targets . | . . . . Shots Hit Robots 76 | 19 55 2 . Core Hits 36 | 6 29 1 . Critical Hits . | . . . . Critical Kills . | . . . . Critical Parts Destroyed . | . . . . Melee Attacks . | . . . . Impact . | . . . . Slashing . | . . . . Piercing . | . . . . Sneak Attacks . | . . . . Combat Hostiles . | . . . . Follow-up Attacks . | . . . . Damage Inflicted 866 | 219 624 23 . Guns 838 | 219 596 23 . Cannons . | . . . . Explosions 22 | . 22 . . Melee . | . . . . Ramming 6 | . 6 . . Kinetic 288 | 80 208 . . Thermal 535 | 139 373 23 . Explosive . | . . . . Electromagnetic 37 | . 37 . . Impact . | . . . . Slashing . | . . . . Piercing . | . . . . Highest Corruption 3 | . 3 3 . Average Corruption 2 | . 2 3 . Corruption Purged . | . . . . Effects 11 | . 8 3 . Message Errors 2 | . 2 . . Matter Fused 1 | . . 1 . Heat Flow Errors 2 | . 1 1 . Energy Discharges 2 | . 2 . . Data Loss (minor) 1 | . 1 . . Targeting Errors 2 | . 1 1 . Weapon Failures 1 | . 1 . . Overload Shots . | . . . . Overflow Damage . | . . . . Projectiles . | . . . . Explosions . | . . . . Melee . | . . . . Knockbacks . | . . . . Impact . | . . . . Kinetic . | . . . . Secondary . | . . . . Self-Inflicted Damage 2 | . 2 . . Shots . | . . . . Rammed 6 | . 5 . 1 Targets Rammed 6 | . 5 . 1 Kicked . | . . . . Crushed . | . . . . Highest Temperature 218 | 80 218 165 . Average Temperature 46 | 32 48 96 . Received Heat Transfer 201 | . 201 . . Siege Activations . | . . . . Robots Corrupted . | . . . . Combat Hostiles . | . . . . Parts Fried . | . . . . Impact Corruptions . | . . . . Robots Melted . | . . . . Combat Hostiles . | . . . . Parts Melted 2 | . 2 . . Heat Transferred 1461 | 407 1004 50 . Parts Sabotaged . | . . . . Parts Stolen . | . . . . Parts Stripped . | . . . . Power Chain Reactions 1 | . 1 . . Missiles Intercepted . | . . . . Alert | -11 -10 -10 -9 ------- Run | Scr Mat Min Mat Peak Influence 145 | 25 145 5 5 Average Influence 59 | 10 80 4 3 Maximum Alert Level . | . . . . Low Security (%) 100 | 100 100 100 100 Level 1 . | . . . . Level 2 . | . . . . Level 3 . | . . . . Level 4 . | . . . . Level 5 . | . . . . High Security . | . . . . Max Security . | . . . . Squads Dispatched 2 | . 2 . . Investigation 1 | . 1 . . Extermination . | . . . . Reinforcement 1 | . 1 . . Assault . | . . . . Garrison . | . . . . Intercept . | . . . . Construction Impeded . | . . . . Haulers Reinforced . | . . . . Stealth | -11 -10 -10 -9 --------- Run | Scr Mat Min Mat Distress Signals . | . . . . Communications Jammed . | . . . . Distress Signals . | . . . . Times Spotted 26 | . 14 5 7 Peak Tracking Total 8 | . 3 8 7 Tactical Retreats 1 | . . 1 . Traps | -11 -10 -10 -9 ------- Run | Scr Mat Min Mat Traps Triggered 2 | . 2 . . Indirectly . | . . . . Trap Hack Attempts . | . . . . Triggered . | . . . . Disarmed . | . . . . Reprogrammed . | . . . . Reused . | . . . . Traps Extracted . | . . . . Installed . | . . . . Triggered . | . . . . Machines | -11 -10 -10 -9 ---------- Run | Scr Mat Min Mat Machines Disabled 1 | . 1 . . Max in Single Turn 1 | . 1 . . Machines Sabotaged . | . . . . Garrisons Compromised . | . . . . Overloaded Fab Kills . | . . . . Fab Network Shutdowns . | . . . . Hacking | -11 -10 -10 -9 --------- Run | Scr Mat Min Mat Machines Accessed 8 | . 6 . 2 Terminals 7 | . 5 . 2 Fabricators . | . . . . Repair Stations 1 | . 1 . . Recycling Units . | . . . . Scanalyzers . | . . . . Garrison Access . | . . . . Total Hacks 27 | . 19 . 8 Successful 14 | . 10 . 4 Failed 13 | . 9 . 4 Catastrophic 2 | . 2 . . Database Lockouts . | . . . . Manual 16 | . 11 . 5 Terminals 24 | . 16 . 8 Fabricators . | . . . . Repair Stations 3 | . 3 . . Recycling Units . | . . . . Scanalyzers . | . . . . Garrison Access . | . . . . Terminal Hacks 6 | . 4 . 2 Prototype ID Bank 3 | . 2 . 1 Locate Traps 3 | . 2 . 1 Fabricator Hacks . | . . . . Repair Station Hacks 2 | . 2 . . Scan Component 1 | . 1 . . Repair 1 | . 1 . . Recycling Unit Hacks . | . . . . Scanalyzer . | . . . . Garrison Access Hacks . | . . . . Unauthorized Hacks 6 | . 4 . 2 Terminals 6 | . 4 . 2 Botnet 4 | . 3 . 1 Operators 2 | . 1 . 1 Fabricators . | . . . . Repair Stations . | . . . . Recycling Units . | . . . . Scanalyzers . | . . . . Garrison Access . | . . . . Data Cores Recovered . | . . . . Used . | . . . . Hacking Detections 8 | . 6 . 2 Full Trace Events 3 | . 3 . . Feedback Events . | . . . . Feedback Blocked . | . . . . Robot Schematics Acquired . | . . . . Robots Built . | . . . . Matter . | . . . . Time . | . . . . Total Robot Build Rating . | . . . . Part Schematics Acquired . | . . . . Parts Built . | . . . . Matter . | . . . . Time . | . . . . Total Part Build Rating . | . . . . Parts Repaired 1 | . 1 . . Time 13 | . 13 . . Parts Recycled . | . . . . Recycled Matter . | . . . . Retrieved Matter . | . . . . Retrieved Components . | . . . . Parts Scanalyzed . | . . . . Part Schematics Acquired . | . . . . Parts Damaged . | . . . . Bothacking | -11 -10 -10 -9 ------------ Run | Scr Mat Min Mat Used RIF Installer . | . . . . Robots Hacked . | . . . . Non-combat . | . . . . Combat . | . . . . Robot Hacks Applied . | . . . . Relay Couplers Released . | . . . . Robots Rewired . | . . . . Allies Hacked . | . . . . Hacks Repelled . | . . . . Allies | -11 -10 -10 -9 -------- Run | Scr Mat Min Mat Total Allies . | . . . . Largest Group . | . . . . Highest-Rated Group . | . . . . Highest-Rated Ally . | . . . . Total Orders . | . . . . Ally Attacks . | . . . . Total Damage . | . . . . Kills . | . . . . Allies Corrupted . | . . . . Allies Melted . | . . . . Intel | -11 -10 -10 -9 ------- Run | Scr Mat Min Mat Robot Analysis Total . | . . . . Derelict Logs Recovered 2 | . . 2 . Drone Launches . | . . . . Drone Recoveries . | . . . . Exploration | -11 -10 -10 -9 ------------- Run | Scr Mat Min Mat Turns Passed 1172 | 142 844 150 36 Spaces Moved 969 | 94 682 140 53 Core 16 | 5 11 . . Treads . | . . . . Legs . | . . . . Wheels 634 | 89 545 . . Hover 319 | . 126 140 53 Flight . | . . . . Fastest Speed 50 | 50 80 56 52 Average Speed 86 | 78 87 99 52 Slowest Speed 150 | 80 150 116 52 Overloaded Moves . | . . . . Propulsion Burnouts . | . . . . Robots Hopped . | . . . . Cave-ins Triggered . | . . . . Exploration Rate (%) 36 | 6 80 49 10 Regions Visited 3 Branch Regions 1 Pre-discovered Areas . | . . . . Known Exits Taken 1 | . 1 . . Unknown Exits Taken 2 | 1 . 1 . Scrap Searched . | . . . . Spaces Dug . | . . . . Terrain Destroyed . | . . . . Melee . | . . . . Projectile . | . . . . AOE . | . . . . Actions | -11 -10 -10 -9 --------- Run | Scr Mat Min Mat Total 1176 | 129 838 148 61 Wait 75 | 8 64 . 3 Move 966 | 93 681 139 53 Hop . | . . . . Pick Up 13 | 3 9 1 . Fast Attach 15 | 7 8 . . Attach 7 | . 3 . 4 Detach . | . . . . Swap 4 | 1 3 . . Drop 11 | 1 6 4 . Fire 79 | 16 59 4 . Melee . | . . . . Ram 6 | . 5 . 1 Kick . | . . . . Crush . | . . . . Escape Stasis . | . . . . Rewire . | . . . . Trap . | . . . . Miscellaneous . | . . . . Route ------- -11/Scrapyard -10/Materials (discovered 3 exits: *Mat / *Min x2) -10/Mines -9/Materials History --------- Turn | Location | Event 49 | -11/Scrapyard | Discovered new exit (range 15) 143 | -11/Scrapyard | Entered Materials 202 | -10/Materials | Discovered new exit (range 12) 309 | -10/Materials | Build established: Mutant 314 | -10/Materials | Discovered new exit (range 15) 451 | -10/Materials | Discovered new exit (range 13) 495 | -10/Materials | Identified exit to Mines 557 | -10/Materials | Repaired Hover Unit 758 | -10/Materials | Core integrity fell below 50% 820 | -10/Materials | Lost 5 parts (1p2n2w) 987 | -10/Materials | Entered Mines 1002 | -10/Mines | Met a Derelict bent on vengeance 1053 | -10/Mines | Learned Materials stockpile data 1078 | -10/Mines | Learned Materials terminal intel 1087 | -10/Mines | Build established: Scavenger-Mutant 1098 | -10/Mines | Assembled infested the area 1103 | -10/Mines | Assisted by a Guerilla fighting off Assembled 1131 | -10/Mines | Discovered new exit (range 10) 1137 | -10/Mines | Entered Materials 1137 | -9/Materials | Evolved 2 slots: Propulsion x1, Utility x1 1139 | -9/Materials | Loaded intel: 12 terminal locations 1173 | -9/Materials | Self-destructed Last Messages --------------- >>Prototypes Downloading prototype IDs... Imp. Assault Rifle Adv. EMP Blaster >>Trojan(Botnet) Trojan loaded successfully. Testing... Terminal linked with 0 systems. Awaiting botnet instructions. >>Trojan(Operators) Trojan loaded successfully. Testing... Operator tracking enabled and active. 01158_ K-01 Serf collects debris. 01159_ Connecting with Terminal... >>Traps(Locate) Found 1 trap in 1 array: 1x Blade Trap Map updated. 01172_ Slammed into S-10 Pest. Map ----- +----------------------------------------------------+ | ?????????????????????????????????????????????????? | | ??????????????????????????????????????^??????????? | | ?????????????????????????????????????????????????? | | ?????????????????????????????????????????????????? | | ?????????????????????????????????????????????????? | | ?????????????????????????????????????? #?????????? | | ???????????????????????????????????#?? ?????????? | | ?????????????????????????????????????? ????????? | | ?????????????????????????????????????? "????????? | | ?????????????????????????????????????? ""???????? | | ?????????????????????????????????????? ""????""?? | | ?????????????????????????????????????? ?? ?? | | ?????????????????????#????? ?????????# ?? | | ?????????????????????????? ??????????# """ ""??? | | ?????????????????????????????????????# """ "???? | | ?????????????? ??????????????????"""?# """ ????? | | ????????????? ???????????????"T"?# ?????? | | ?????????????" ""??????????? ????# ! ??????? | | ?????????????" T"????????????????+ #???????? | | ?????????????" ""????????????????# #???????? | | ???????????? ################# ##??????? | | ???????????? T ##??????? | | ?!????????? ## ##?? | | ??????????? s + #??? | | ??????????? ss ss """ ## #??? | | ??????????? ###@### """ ##?? #??? | | ??????????????######???#s s ## """ #????##??? | | ???????????????????????# ## """ #????????? | | ???????????????????????#= ## #????????? | | ???????????????????????# ## #?#??????? | | ???????????????????????# ## """ #????????? | | ???????????????????#??######## """ #????????? | | ???????????????????#??# # """ #????????? | | ??????????????????????# # """ #????????? | | ??????????????????????# # #????????? | | ???????????????#??????# # #????????? | | ??????????????????????# "T" + """ +????????? | | ??????????????????????# # """ #????????? | | ????????????????????######+### """ #????????? | | ????????????????????# # """ #????????? | | ????????????????????# """# #????????? | | ????????????????????# """# #?##?????? | | ????????????????????# """# #????????? | | ????????????????????# + #####??#????????? | | ????????????????????# """# #???????????????? | | ????????????????????# """# #????????T??????? | | ????????????????????# """# #???? ??????????? | | ????????????????????# #####???????????o???? | | ????????????????????##########???????????????????? | | ?????????????????????????????????????????????????? | +----------------------------------------------------+ Best States ------------- Heat Dissipation 39 Energy Generation 14 Energy Capacity 250 Matter Stores 300 Matter Capacity 300 Sight Range 16 Robot Scan Range 10 Terrain Scan Range 16 Terrain Scan Density 10 Evasion (%) 54 Item Schematics ----------------- None Robot Schematics ------------------ None Fabricated ------------ Nothing Alien Tech Used ----------------- None Achievements -------------- None Challenges ------------ None Game ------ Seed PotentialDispersionThrusters Manual? 0 Play Time 00:10:49 Cumulative 34.6 hours Start 2020.08.26 @ 20:24:17 End 2020.08.26 @ 20:34:26 Sessions 1 Manual Loads 0 Difficulty Rogue Special Mode None Game No. 87 Rogue 87 Adventurer 0 Explorer 0 Win Type - Total 0 Types 0/0/0/0/0/0/0 Lore% 40 Gallery% 40 Achievement% 33 Wizard Run 0 Options --------- ASCII 0 Keyboard 0 Movement Numpad Keybinds 0 Fullscreen 2 Font 24/Smallcaps Map View 76x50 Tactical HUD 1 Map Filters NONE Filters NONE Steam 1 RUN: 35e82c0e-a2fb-4ca4-9111-877bdd8a7ba0